 Dungeon Crawl Stone Soup version 0.21-a0-591-g2314aa1 (webtiles) character file.

316 Amnesiac the Chiller (level 6, -4/32 HPs)
             Began as a Deep Elf Ice Elementalist on Dec 22, 2017.
             Slain by Edmund
             ... wielding a +0 dire flail of venom
              (9 damage)
             ... on level 4 of the Dungeon.
             The game lasted 00:05:30 (3481 turns).

Amnesiac the Chiller (Deep Elf Ice Elementalist)    Turns: 3481, Time: 00:05:30

Health: -4/32      AC:  3    Str:  5    XL:     6   Next: 20%
Magic:  0/14       EV: 13    Int: 24    God:
Gold:   118        SH:  0    Dex: 15    Spells: 3/13 levels left

rFire    . . .     SeeInvis .   d - +1 trident (protect)
rCold    . . .     Gourm    .   (no shield)
rNeg     . . .     Faith    .   a - +0 robe
rPois    .         Spirit   .   (no helmet)
rElec    .         Reflect  .   (no cloak)
rCorr    .         Harm     .   r - +0 pair of gloves
MR       .....                  (no boots)
Stlth    ++........             (no amulet)
HPRegen  0.10/turn              q - +2 ring of intelligence
MPRegen  0.14/turn              (no ring)

@: lethally poisoned (-4 -> -31), very slightly contaminated
A: no striking features
a: no special abilities


You were on level 4 of the Dungeon.
You were hungry.

You visited 1 branch of the dungeon, and saw 4 of its levels.

You collected 118 gold pieces.

Inventory:

Hand Weapons
 d - a +1 trident of protection (weapon)
Missiles
 g - 13 poisoned needles
 n - 83 stones (quivered)
 v - 2 throwing nets
Armour
 a - a +0 robe (worn)
 r - a +0 pair of gloves (worn)
Jewellery
 q - a +2 ring of intelligence (left hand)
Scrolls
 f - 3 scrolls of identify {!r, unknown}
 j - a scroll of enchant armour {!r, unknown}
 k - a scroll of fear {!r, unknown}
 l - a scroll of magic mapping {!r, unknown}
 s - a scroll of immolation {!r, unknown}
 t - a scroll of fog {!r, unknown}
 u - a scroll of amnesia {!r, unknown}
 w - a scroll of teleportation {!r, unknown}
Potions
 e - a potion of cancellation {!q, unknown}
 h - a potion of resistance {!q, unknown}
 i - a potion of ambrosia {!q}
 m - 2 potions of curing {!q, unknown}
 o - 2 potions of magic {!q, unknown}
 p - 2 potions of flight {!q, unknown}
 x - a potion of mutation {!q, unknown}
 z - a potion of haste {!q, unknown}
Books
 b - a book of Frost

   Spells                             Type                      Level
   a - Freeze                         Ice                          1
   b - Throw Frost                    Conjuration/Ice              2
   c - Ozocubu's Armour               Charms/Ice                   3
   d - Throw Icicle                   Conjuration/Ice              4
   e - Summon Ice Beast               Ice/Summoning                4
 y - a book of Changes

   Spells                             Type                      Level
   a - Beastly Appendage              Transmutation                1
   b - Sticks to Snakes               Transmutation                2
   c - Spider Form                    Transmutation/Poison         3
   d - Ice Form                       Ice/Transmutation            4
   e - Blade Hands                    Transmutation                5
Comestibles
 c - 5 rations


   Skills:
 - Level 2.4 Dodging
 - Level 2.4 Stealth
 + Level 4.1 Spellcasting
 - Level 5.1 Conjurations
 - Level 5.1 Ice Magic


You had 3 spell levels left.
You knew the following spells:

 Your Spells              Type           Power        Failure   Level  Hunger
a - Throw Frost           Conj/Ice       ####..       1%          2    #......
b - Ozocubu's Armour      Chrm/Ice       ###.....     10%         3    ##.....
d - Freeze                Ice            ####         1%          1    None
e - Throw Icicle          Conj/Ice       ####....     12%         4    ####...


Dungeon Overview and Level Annotations

Branches:
Dungeon (4/15)
 Temple: D:4-7

Altars:
Sif Muna

Annotations:
D:4 Edmund


Message History

Casting: Freeze
Confirm with . or Enter, or press ? or * to list all spells.
Aiming: Throw Frost
Press: ? - help, Shift-Dir - straight line, f/p - adder
Aim: an adder The puff of frost hits the adder.
The adder is heavily wounded.
You feel sick. The adder barely misses you.
Casting: Throw Frost
Confirm with . or Enter, or press ? or * to list all spells.
Aiming: Throw Frost
Press: ? - help, Shift-Dir - straight line, f/p - adder
Aim: an adder (heavily wounded)
The puff of frost hits the adder.
You kill the adder!
Your Spellcasting skill increases to level 4!
You feel sick.
Edmund says, "People think my brother is the best.
I think he's crazy."
Casting: Throw Frost
Confirm with . or Enter, or press ? or * to list all spells.
Aiming: Throw Frost
Press: ? - help, Shift-Dir - straight line, f - Edmund
Aim: Edmund, wielding a dire flail of venom and wearing a chain mail (heavily wounded)
The puff of frost hits Edmund.
Edmund appears unharmed.
Edmund is heavily wounded.
You feel sick.
Casting: Throw Frost
Confirm with . or Enter, or press ? or * to list all spells.
Aiming: Throw Frost
Press: ? - help, Shift-Dir - straight line, f/p - Edmund
Aim: Edmund, wielding a dire flail of venom and wearing a chain mail (heavily wounded)
The puff of frost hits Edmund.
Edmund is severely wounded.
You feel sick. Edmund closely misses you.
Casting: Throw Frost
Confirm with . or Enter, or press ? or * to list all spells.
Aiming: Throw Frost
Press: ? - help, Shift-Dir - straight line, f/p - Edmund
Aim: Edmund, wielding a dire flail of venom and wearing a chain mail (severely wounded)
The puff of frost hits Edmund.
Edmund is almost dead.
You feel sick. Edmund misses you.
Casting: Throw Frost
Confirm with . or Enter, or press ? or * to list all spells.
Aiming: Throw Frost
Press: ? - help, Shift-Dir - straight line, f/p - Edmund
Aim: Edmund, wielding a dire flail of venom and wearing a chain mail (almost dead)
You miscast Throw Frost.
You are very lightly contaminated with residual magic.
Nothing appears to happen.
You feel sick.
Edmund hits you with a dire flail of venom!
* * * LOW HITPOINT WARNING * * *
You are more poisoned.
Casting: Throw Frost
Confirm with . or Enter, or press ? or * to list all spells.
Aiming: Throw Frost
Press: ? - help, Shift-Dir - straight line, f/p - Edmund
Aim: Edmund, wielding a dire flail of venom and wearing a chain mail (almost dead)
The puff of frost hits Edmund.
Edmund is almost dead.
* * * LOW HITPOINT WARNING * * *
You feel very sick.
Edmund hits you with a dire flail of venom!
You die...

#.###..#...#.#.###..
##.#.#>...........[.
#......#........#
#....###.#..#.###
#...........#.##
####.###.##....#
#.###.####..######
#...#.####..##...## .
###.#.......@@....# ...
######.##########....#....
#....#.# #..........
#....#.# #.........#
#....#.# #..%......#
##....#.# #=.........
........# #.........%
##....### #.........#
#....# #.........#


You could see Edmund.

Vanquished Creatures
  An ogre (D:3)
  Jessica (D:3)
  An orc wizard (D:3)
  A worker ant (D:2)
  3 adders
  4 gnolls (D:3)
  An ooze (D:2)
  3 worms
  A dart slug (D:1)
  10 orcs
  2 giant cockroaches
  12 goblins
  6 hobgoblins
  2 jackals (D:1)
  9 bats
  7 frilled lizards
  3 kobolds
  8 rats
75 creatures vanquished.

Notes
Turn   | Place    | Note
-------+----------+-------------------------------------------
     0 | D:1      | Amnesiac the Deep Elf Ice Elementalist began the quest for the Orb.
     0 | D:1      | Reached XP level 1. HP: 10/10 MP: 6/6
   106 | D:1      | Reached XP level 2. HP: 13/15 MP: 1/8
   192 | D:1      | Learned a level 2 spell: Throw Frost
   484 | D:1      | Reached XP level 3. HP: 19/19 MP: 8/10
   912 | D:2      | Found a faded altar of an unknown god.
  1051 | D:2      | Reached XP level 4. HP: 24/24 MP: 4/11
  1057 | D:2      | Learned a level 4 spell: Throw Icicle
  1095 | D:2      | Learned a level 3 spell: Ozocubu's Armour
  1633 | D:2      | Found a deep blue altar of Sif Muna.
  1872 | D:3      | Noticed an ogre
  1884 | D:3      | Killed an ogre
  1884 | D:3      | Reached skill level 5 in Ice Magic
  1884 | D:3      | Reached XP level 5. HP: 28/28 MP: 0/12
  2190 | D:3      | Noticed Jessica
  2191 | D:3      | Killed Jessica
  2353 | D:3      | Reached skill level 5 in Conjurations
  2361 | D:3      | Reached XP level 6. HP: 22/32 MP: 1/13
  3450 | D:4      | Noticed Edmund
  3481 | D:4      | Slain by Edmund

Vault maps used:
D:1:      grunt_arrival_crossed_arrows
D:2:      led_sif_pool, chequers_ecumenical_altar_island
D:3:      grunt_ministairs_10, uniq_jessica
D:4:      first_ration, corexii_corridor_pit, kennysheep_generic_room_16,
          uniq_pikel, uniq_natasha, uniq_edmund

Skill      XL: |  1  2  3  4  5  6 |
---------------+-------------------+-----
Ice Magic      | 4 5 |  5.1
Conjurations   | 3 4 5 |  5.1
Spellcasting   | 4 |  4.1
Dodging        | |  2.4
Stealth        | |  2.4

Action                   |  1- 3 |  4- 6 || total
-------------------------+-------+-------++-------
Melee: Unarmed           |    10 |       ||    10
 Cast: Freeze            |    27 |    26 ||    53
       Throw Frost       |    29 |    62 ||    91
  Use: Potion            |       |     1 ||     1
  Eat: Chunk             |     1 |     8 ||     9
Armor: Robe              |    13 |     2 ||    15
Dodge: Dodged            |    46 |    25 ||    71

Table legend:
 A = Spawn XP
 B = Non-spawn XP
 C = Spawn XP percentage of total XP
 D = Spawn monster count
 E = Non-spawn monster count
 F = Spawn count percentage of total count
 G = Total turns spent on level
                    A         B        C        D         E        F      G
               +---------+---------+-------+---------+---------+-------+---------
         Total |       0 |     452 |   0.0 |       0 |      75 |   0.0 |  3481
               +---------+---------+-------+---------+---------+-------+---------
           D:1 |       0 |      46 |   0.0 |       0 |      29 |   0.0 |   708
           D:2 |       0 |      81 |   0.0 |       0 |      17 |   0.0 |  1082
           D:3 |       0 |     310 |   0.0 |       0 |      27 |   0.0 |  1614
           D:4 |       0 |      15 |   0.0 |       0 |       2 |   0.0 |    77
               +---------+---------+-------+---------+---------+-------+---------
